 Dungeon Crawl Stone Soup version 0.27.0-65-ge2af304b15 (console) character file.

Game seed: 1364671273561913884

14 Banquo the Magician (level 2, -1/23 HPs)
             Began as a Djinni Warper on Aug 18, 2021.
             Frozen to death by an endoplasm (6 damage)
             ... on level 1 of the Dungeon.
             The game lasted 00:00:49 (563 turns).

Banquo the Magician (Djinni Warper)                  Turns: 563, Time: 00:00:49

Health: -1/23      AC:  3    Str: 10    XL:     2   Next: 55%
Gold:   0          EV: 11    Int: 14    God:
                   SH:  0    Dex: 12

rFire    + + .     SeeInvis .   a - +0 falchion
rCold    x . .     Faith    .   (no shield)
rNeg     . . .     Spirit   .   b - +0 leather armour
rPois    ∞         Reflect  .   (no helmet)
rElec    .         Harm     .   (no cloak)
rCorr    .         Rampage  .   (no gloves)
Will     .....                  (boots unavailable)
Stlth    +.........             (no amulet)
HPRegen  0.07/turn              (no ring)
MPRegen  0.00/turn              (no ring)

@: flying
A: sickness immunity, fire resistance 2, cold vulnerability 1, float, innate
caster, hp casting, extra vitality 1
a: no special abilities


You were on level 1 of the Dungeon.
You visited 1 branch of the dungeon, and saw 1 of its levels.

Inventory:

Hand Weapons
 a - a +0 falchion (weapon)
Missiles
 d - 5 boomerangs of dispersal (quivered)
Armour
 b - a +0 leather armour (worn)
Scrolls
 c - a scroll of blinking


   Skills:
 * Level 2.1 Fighting
 * Level 2.1 Long Blades
 - Level 0.7 Throwing
 - Level 1.0 Armour
 - Level 2.1 Dodging
 * Level 2.8 Spellcasting


You couldn't memorise any spells.
You knew the following spells:

 Your Spells              Type           Power      Damage    Failure   Level
a - Blink                 Tloc           N/A        N/A       14%         2
b - Lesser Beckoning      Tloc           4%         N/A       28%         3
c - Gell's Gravitas       Tloc           4%         N/A       28%         3
d - Teleport Other        Tloc           9%         N/A       28%         3
e - Manifold Assault      Tloc           9%         N/A       95%         5
Your spell library was empty.

Dungeon Overview and Level Annotations

Branches:
Dungeon (1/15)

Altars:


Innate Abilities, Weirdness & Mutations

You are immune to sickness and miasma.
You are immune to poison.
Your flesh is very heat resistant. (rF++)
You are vulnerable to cold. (rC-)
You float through the air rather than walking.
You learn spells naturally, not from books.
Your magical power is your life essence.
You have superior vitality. (+4 HP)


Message History

You hit the bat.
You kill the bat!
No target in view!
No target in view!
You reach down and open the door.
A rat comes into view.
There is an open door here.
Found a stone staircase leading down.
You barely miss the rat. The rat completely misses you.
You barely miss the rat. The rat barely misses you.
You riposte.
You barely miss the rat. You closely miss the rat. The rat barely misses you.
You hit the rat.
You kill the rat!
No target in view!
A goblin comes into view. It is wielding a +0 dagger.
The goblin shouts!
An endoplasm comes into view.
Found a scroll labelled TORECY LUWN.
A quokka comes into view.
The goblin closely misses you.
You hit the endoplasm but do no damage. The goblin closely misses you.
You riposte.
You hit the goblin.
The goblin is severely wounded.
The endoplasm hits you but does no damage.
You barely miss the goblin.
The goblin is severely wounded.
The quokka bites you. The goblin hits you with a +0 dagger.
The endoplasm hits you. The quokka bites you.
You miss the goblin.
The goblin is severely wounded.
The goblin hits you with a +0 dagger. The endoplasm freezes you.
You are frozen.
You feel a terrible chill!
* * * LOW HITPOINT WARNING * * *
The quokka completely misses you.
A giant cockroach comes into view.
The endoplasm freezes you.
You are frozen.
You feel a terrible chill!
You die...

... P## ########.# #...
#........#######.P##
#.....##........>..#
#.....##...........#
###.....##...........#
..#.....##...........###
#.#......'...†@g........ .
#.#.....##.....Jr....###
.##.#.....##..............
..........#########.#.?..#
..........####### .# ##+#
......#.........# .B
.##.#.#########.# ###
#.#.# #)#.# ####.....


You could see an endoplasm, a quokka, a giant cockroach and a goblin.

Vanquished Creatures
  A bat (D:1)
  An endoplasm (D:1)
  3 goblins (D:1)
  4 jackals (D:1)
  2 rats (D:1)
11 creatures vanquished.

Notes
Turn   | Place    | Note
-------+----------+-------------------------------------------
     0 | D:1      | Banquo the Djinni Warper began the quest for the Orb.
     0 | D:1      | Reached XP level 1. HP: 18/18 MP: 0/0
   179 | D:1      | Reached XP level 2. HP: 17/23 MP: 0/0
   563 | D:1      | Frozen to death by an endoplasm

Illustrated notes

Levels and vault maps discovered:
D:1:      ebering_trefoil_twist, layout_basic,
          dreamdust_ecumenical_altar_hidden_monk_grotto

Skill      XL: |  1  2 |
---------------+-------+-----
Long Blades    | 2 |  2.1
Fighting       | |  2.1
Throwing       | |  0.7
Armour         | |  1.0
Dodging        | |  2.1
Spellcasting   | |  2.8

Action                   || total
-------------------------++-------
Melee: Falchion          ||    39
Armor: Leather armour    ||    12
Dodge: Dodged            ||    23
       Rpst.: Falchion   ||     8
